 Dungeon Crawl Stone Soup version 0.17-a0-2101-g0c122e7 (webtiles) character file.

67 mrath the Digger (level 4, -1/24 HPs)
             Began as a Gargoyle Earth Elementalist on Oct 18, 2015.
             Killed from afar by an orc wizard (6 damage)
             ... with a puff of flame
             ... on level 3 of the Dungeon.
             The game lasted 00:33:16 (2486 turns).

mrath the Digger (Gargoyle Earth Elementalist)      Turns: 2486, Time: 00:33:16

Health: -1/24      AC:  5    Str: 12    XL:     4   Next: 18%
Magic:  3/9        EV: 12    Int: 16    God:
Gold:   27         SH:  0    Dex: 10    Spells: 3 memorised, 4 levels left

rFire  . . .     SeeInvis .     a - 61 stones
rCold  . . .     Clarity  .     b - +0 robe
rNeg   + . .     SustAt   .     (no shield)
rPois  ∞         Gourm    .     (no helmet)
rElec  +         Spirit   .     (no cloak)
rCorr  .         Warding  .     (no gloves)
rMut   .         Stasis   .     (no boots)
MR     .....                    (no amulet)
Stlth  +.........               (no ring)
                                (no ring)

@: confused, not resistant to hostile enchantments, very unstealthy
A: negative energy resistance 1, electricity resistance, unbreathing,
petrification resistance, rot immunity, AC +3
a: no special abilities


You were on level 3 of the Dungeon.
You were not hungry.

You visited 1 branch of the dungeon, and saw 3 of its levels.

You collected 27 gold pieces.

Inventory:

Hand Weapons
 j - a +0 club
 m - a +0 whip
 s - a +0 hand axe
 w - a +0 whip
 A - a +0 flail
 C - a +0 war axe
Missiles
 a - 61 stones (in hand)
 e - 24 poisoned needles
 z - 3 tomahawks (quivered)
Armour
 b - a +0 robe (worn)
 n - a +1 cloak
Jewellery
 v - an uncursed ring of positive energy {unknown}
Scrolls
 f - a scroll of noise {unknown}
 i - 2 scrolls of magic mapping {unknown}
 k - 4 scrolls of identify {unknown}
 o - a scroll of immolation {unknown}
 p - 2 scrolls of amnesia {unknown}
 u - a scroll of teleportation {unknown}
 x - a scroll of enchant weapon {unknown}
 y - a scroll of remove curse {unknown}
 B - a scroll of random uselessness {unknown}
Potions
 g - a potion of curing {unknown}
 h - 2 potions of heal wounds {unknown}
 l - a potion of lignification {unknown}
 q - a potion of mutation {unknown}
Books
 c - a book of Geomancy

   Spells                             Type                      Level
   a - Sandblast                      Earth                        1
   b - Stoneskin                      Transmutation/Earth          2
   c - Passwall                       Transmutation/Earth          3
   d - Stone Arrow                    Conjuration/Earth            3
   e - Petrify                        Transmutation/Earth          4
   f - Lee's Rapid Deconstruction     Earth                        5
Comestibles
 d - a bread ration
 r - a meat ration
 t - 3 chunks of flesh


   Skills:
 - Level 1.5 Dodging
 - Level 2.1 Stealth
 * Level 3.6 Spellcasting
 - Level 0.7 Transmutations
 + Level 4.3 Earth Magic


You had 4 spell levels left.
You knew the following spells:

 Your Spells              Type           Power        Failure   Level  Hunger
a - Sandblast             Erth           ###...       3%          1    None
b - Stoneskin             Trmt/Erth      ##......     12%         2    ##.....
c - Stone Arrow           Conj/Erth      #.....       21%         3    ###....


Dungeon Overview and Level Annotations

Branches:
Dungeon (3/15)

Altars:
Fedhas


Innate Abilities, Weirdness & Mutations

You are resistant to torment.
Your stone body is resilient (AC +3).
You are immune to poison.
You resist negative energy.
You are resistant to electric shocks.
You can survive without breathing.
You are immune to petrification.
You are immune to rotting.


Message History

The orc wizard casts a spell at you.
You are more confused.
The orc wizard casts a spell.
The orc wizard flickers and vanishes!
Deactivating autopickup; reactivate with Ctrl-A.
You bump into the rock wall.
Something hits you but does no damage.
You completely miss something. Something hits you.
* * * LOW HITPOINT WARNING * * *
You're too confused to move!
You feel less confused. Something hits you.
* * * LOW HITPOINT WARNING * * *
The orc priest looks braver for a moment.
You hear some strange, mumbled words.
You are confused.
You bump into the rock wall.
You hear some strange, mumbled words.
A puff of flame appears from out of thin air!
The puff of flame hits you!
You die...

#.......# ###...###
#...# ##.##
###########.#
#.<.....)...####
#.########.....# #.#
#.###.# #.# #@#
#.####### #.# #.#
#.......# #.# #.#
#.#####.# #.#
##o###........
#.#######............#
#.##......####.##.##.#
#.##.###### #.# >#
#.##.# #.. .
#.##o##### #### #


You could see an orc priest.

Vanquished Creatures
  2 gnolls (D:2)
  A giant gecko (D:2)
  3 orcs (D:3)
  2 bats (D:2)
  A giant cockroach (D:1)
  8 hobgoblins
  7 jackals
  A quokka (D:2)
  2 giant newts (D:2)
  4 goblins
  2 kobolds
  7 rats
40 creatures vanquished.

Notes
Turn   | Place    | Note
--------------------------------------------------------------
     0 | D:1      | mrath the Gargoyle Earth Elementalist began the quest for the Orb.
     0 | D:1      | Reached XP level 1. HP: 10/10 MP: 3/3
   619 | D:1      | Reached XP level 2. HP: 15/15 MP: 2/5
  1423 | D:2      | Reached XP level 3. HP: 19/19 MP: 5/7
  1824 | D:2      | Found a blossoming altar of Fedhas.
  1928 | D:2      | Reached skill level 4 in Earth Magic
  2091 | D:2      | Reached XP level 4. HP: 11/24 MP: 1/9
  2308 | D:2      | Learned a level 2 spell: Stoneskin
  2312 | D:2      | Learned a level 3 spell: Stone Arrow
  2486 | D:3      | Killed from afar by an orc wizard

Vault maps used:
D:1:      dpeg_arrival_tiny_c
D:2:      nicolae_overflow_crystal_walls
D:3:      lemuel_doored_altar

Action                   |  1- 3 |  4- 6 || total
-------------------------+-------+-------++-------
Melee: Club              |    19 |       ||    19
Throw: Tomahawk          |    10 |     3 ||    13
 Cast: Sandblast         |    56 |    14 ||    70
  Eat: Meat ration       |     1 |       ||     1
